AoeStats
← 3530147877

Lombardia

509560870Analyzed
4v4 RM · 4d ago on Sep 27, 2026· 65m 1s· 8 players
Game mode
Random Map
Map size
Large (8 player)
Population
200
Speed
Normal
Resources
Standard
Victory
Conquest
Starting age
Dark Age
Ending age
Imperial Age
RankedLock teamsTeams togetherTeam positionsShared explorationLock speedFull tech treeHidden civsTurbo modeCheats
Victory
Defeat
🇲🇽 Britons · Mexico
646
+18
🇦🇷 Teutons · Argentina
620
+19
🇲🇽 Huns · Mexico
590
+20
🇨🇳 Maya · China
539
+22
🇨🇳 Poles · China
748
-23
🇮🇳 Hindustanis · India
740
-22
🇳🇨 Burgundians · New Caledonia
678
-20
🇨🇳 Teutons · China
535
-14
湛叔
2:22 Loom
12:16 Feudal Age
12:49 Horse Collar
12:55 Double-Bit Axe
14:04 Wheelbarrow
16:12 Stone Mining
16:12 Gold Mining
21:12 Padded Archer Armor
21:02 Fletching
21:13 Scale Mail Armor
21:24 Forging
25:31 Castle Age
27:16 Hand Cart
27:14 Bow Saw
27:06 Heavy Plow
27:44 Stone Shaft Mining
27:06 Eagle Warrior
28:05 Chain Mail Armor
28:25 Iron Casting
28:05 Leather Archer Armor
32:08 Bodkin Arrow
34:31 Squires
34:19 Arson
37:46 Imperial Age
38:13 Caravan
38:43 Ballistics
38:17 Guard Tower
39:27 Chemistry
38:24 Treadmill Crane
38:40 Murder Holes
38:45 Elite Eagle Warrior
40:09 Conscription
41:24 Holcans
41:49 Pikeman
43:11 Plate Mail Armor
43:12 Ring Archer Armor
42:42 Bracer
43:43 Blast Furnace
42:51 Halberdier
55:23 Two-Man Saw
54:57 Crop Rotation
56:54 Elite Plumed Archer
ZayaTruco
12:47 Feudal Age
14:47 Horse Collar
15:53 Wheelbarrow
15:05 Double-Bit Axe
19:57 Castle Age
18:02 Stone Mining
18:08 Gold Mining
19:37 Forging
19:27 Scale Mail Armor
21:24 Squires
21:13 Gambesons
21:14 Arson
22:07 Iron Casting
21:48 Chain Mail Armor
21:49 Heavy Plow
22:03 Bow Saw
23:41 Stone Shaft Mining
24:32 Hand Cart
24:49 Caravan
25:26 Coinage
39:02 Imperial Age
39:26 Elite Teutonic Knight
40:41 Conscription
41:05 Plate Mail Armor
41:44 Blast Furnace
42:42 Loom
Marco 1985 MÉXICO City
10:17 Feudal Age
10:55 Double-Bit Axe
10:53 Horse Collar
12:50 Loom
13:52 Gold Mining
22:36 Wheelbarrow
24:26 Scale Barding Armor
27:12 Bloodlines
31:10 Castle Age
32:09 Hand Cart
38:46 Gold Shaft Mining
38:25 Bow Saw
39:00 Husbandry
39:58 Squires
44:11 Pikeman
46:30 Town Watch
49:17 Scale Mail Armor
49:31 Forging
50:19 Chain Mail Armor
53:53 Imperial Age
53:22 Town Patrol
57:29 Stone Mining
TheLordofLaw291
4:13 Loom
12:56 Feudal Age
13:48 Double-Bit Axe
13:57 Gold Mining
15:11 Wheelbarrow
14:22 Town Watch
18:12 Horse Collar
25:42 Castle Age
25:09 Arson
25:22 Stone Mining
25:56 Forging
25:48 Scale Mail Armor
25:40 Fletching
25:52 Padded Archer Armor
28:31 Gold Shaft Mining
27:22 Crossbowman
28:00 Bodkin Arrow
28:42 Iron Casting
28:24 Chain Mail Armor
30:38 Leather Archer Armor
32:14 Hand Cart
34:56 Yeomen
38:32 Imperial Age
37:26 Ballistics
36:57 Heated Shot
38:49 Treadmill Crane
39:20 Masonry
40:16 Chemistry
39:31 Masonry
39:40 Bracer
40:44 Bow Saw
41:19 Ring Archer Armor
42:09 Coinage
41:50 Guilds
42:41 Conscription
43:02 Architecture
44:25 Caravan
44:56 Banking
46:34 Pikeman
47:15 Squires
48:54 Fortified Wall
51:35 Halberdier
51:45 Elite Longbowman
62:24 Two-Man Saw
63:36 Heavy Plow
ksffvbh
0:34 Loom
17:27 Feudal Age
18:59 Wheelbarrow
18:13 Double-Bit Axe
18:42 Horse Collar
19:40 Stone Mining
19:45 Gold Mining
22:26 Castle Age
23:27 Hand Cart
23:26 Bow Saw
23:18 Heavy Plow
23:56 Stone Shaft Mining
25:27 Scale Barding Armor
25:33 Forging
25:26 Husbandry
25:37 Bloodlines
24:47 Light Cavalry
27:04 Treadmill Crane
29:50 Chain Barding Armor
30:06 Iron Casting
33:30 Imperial Age
35:14 Blast Furnace
34:38 Conscription
34:44 Lechitic Legacy
35:14 Winged Hussar
38:11 Town Watch
47:21 Crop Rotation
54:56 Scale Mail Armor
54:30 Cavalier
60:48 Town Patrol
3530147877
1:24 Loom
12:17 Feudal Age
14:17 Man-at-Arms
16:49 Gold Mining
16:50 Arson
20:22 Double-Bit Axe
23:00 Forging
22:59 Scale Mail Armor
25:45 Horse Collar
26:49 Wheelbarrow
28:16 Stone Mining
33:03 Castle Age
35:04 Bow Saw
34:58 Heavy Plow
36:16 Iron Casting
35:56 Chain Mail Armor
35:42 Padded Archer Armor
36:47 Stone Shaft Mining
36:32 Squires
36:18 Gambesons
35:58 Long Swordsman
46:03 Hand Cart
48:22 Imperial Age
49:22 Arrowslits
49:48 Masonry
49:49 Fortified Wall
50:40 Chemistry
49:43 Onager
51:53 Blast Furnace
51:25 Plate Mail Armor
53:34 Siege Onager
54:18 Heavy Mounted Crossbowman
57:05 Conscription
57:51 Hoardings
61:42 Elite Teutonic Knight
62:45 Crenellations
NEFFEX2532
11:15 Feudal Age
20:57 Wheelbarrow
22:28 Castle Age
23:44 Light Cavalry
25:48 Scale Barding Armor
25:37 Double-Bit Axe
29:11 Bloodlines
36:20 Husbandry
36:42 Hand Cart
39:11 Imperial Age
39:17 Hussar
40:24 Gold Mining
40:25 Stone Mining
45:28 Stone Shaft Mining
45:29 Gold Shaft Mining
47:51 Siege Elephant
48:49 Fletching
49:00 Padded Archer Armor
49:00 Scale Mail Armor
49:21 Chain Barding Armor
49:13 Forging
54:07 Chemistry
53:57 Iron Casting
53:38 Chain Mail Armor
53:59 Plate Barding Armor
53:39 Leather Archer Armor
60:30 Blast Furnace
60:01 Ballistics
La_starlette_du988
Connection lost

Rejoining the realm…

Still unreachable

The connection could not be restored.

Session expired

The server has moved on; the page needs a fresh start.